 Dungeon Crawl Stone Soup version 0.28-a0-821-g923ab73998 (webtiles) character file.

Game seed: 12303578555828092010

252 Essalna the Firebug (level 5, -4/35 HPs)
             Began as a Demonspawn Fire Elementalist on Nov 9, 2021.
             Killed by divine providence
             ... invoked by an orc priest
              (9 damage)
             ... on level 3 of the Dungeon.
             The game lasted 00:05:10 (3867 turns).

Essalna the Firebug (Demonspawn Fire Elementalist)  Turns: 3867, Time: 00:05:10

Health: -4/35      AC:  4    Str:  8    XL:     5   Next: 89%
Magic:  5/10       EV: 12    Int: 18    God:
Gold:   117        SH:  0    Dex: 13    Spells: 10/11 levels left

rFire   . . .      SeeInvis .   q - +1 short sword (venom)
rCold   . . .      Faith    .   (no shield)
rNeg    . . .      Spirit   .   a - +0 robe
rPois   .          Reflect  .   (no helmet)
rElec   .          Harm     .   (no cloak)
rCorr   .          Rampage  .   (no gloves)
Will    .....                   (no boots)
Stlth   ++........              (no amulet)
HPRegen 0.11/turn               (no ring)
MPRegen 0.12/turn               (no ring)

@: no status effects
A: molten scales 1, demonic magic 1
a: no special abilities


You were on level 3 of the Dungeon.
You visited 1 branch of the dungeon, and saw 4 of its levels.

You collected 117 gold pieces.

Inventory:

Hand Weapons
 c - a +0 dagger
 j - a +0 dagger of venom
 q - a +1 short sword of venom (weapon)
Armour
 a - a +0 robe (worn)
Wands
 n - a wand of paralysis (8)
Scrolls
 b - 2 scrolls of magic mapping {unknown}
 g - a scroll of teleportation {unknown}
 h - 3 scrolls of identify {unknown}
 i - a scroll of fog {unknown}
 m - a scroll of immolation {unknown}
 o - a scroll of enchant weapon {unknown}
 p - a scroll of enchant armour {unknown}
Potions
 d - 2 potions of brilliance {unknown}
 e - a potion of might {unknown}
 f - a potion of berserk rage {unknown}
 k - a potion of haste {unknown}
 l - a potion of magic {unknown}


   Skills:
 - Level 1.7 Dodging
 - Level 1.7 Stealth
 + Level 3.6 Spellcasting
 + Level 3.3 Conjurations
 + Level 4.1 Fire Magic


You had 10 spell levels left.
You knew the following spells:

 Your Spells              Type           Power      Damage    Failure   Level
a - Foxfire               Conj/Fire      64%        2x1d7     3%          1

Your spell library contained the following spells:

 Spells                   Type           Power      Damage    Failure   Level
 Scorch                   Fire           36%        2d6       4%          2
 Conjure Flame            Conj/Fire      16%        6-21      10%         3
 Animate Skeleton         Necr           6%         N/A       16%         1
 Pain                     Necr           12%        1d4       16%         1
 Inner Flame              Hex/Fire       10%        N/A       21%         3
 Ignite Poison            Fire/Tmut/Pois 8%         N/A       26%         3
 Mephitic Cloud           Conj/Pois/Air  7%         N/A       28%         3
 Flame Wave               Conj/Fire      16%        3d5       32%         4
 Vampiric Draining        Necr           3%         2d6       43%         3
 Freezing Cloud           Conj/Ice/Air   3%         6-21      95%         5


Dungeon Overview and Level Annotations

Branches:
Dungeon (4/15)
 Temple: D:4-7

Altars:
Zin
The Shining One


Innate Abilities, Weirdness & Mutations

You are partially covered in molten scales. (AC +2)
Spells you cast may paralyse adjacent enemies.


Message History

Confirm with . or Enter, or press ? or * to list all spells.
You conjure some foxfire!
Malevolent energies surge around you.
The foxfire hits the orc but does no damage.
The orc is severely wounded.
Casting: Foxfire (safe; 3% risk of failure)
Confirm with . or Enter, or press ? or * to list all spells.
You conjure some foxfire!
Malevolent energies surge around you.
The foxfire hits the orc.
The orc is almost dead.
The foxfire hits the orc but does no damage.
The orc is almost dead.
The orc priest mumbles some strange prayers to Beogh against you.
Beogh smites you!
You hear a shout!
Casting: Foxfire (safe; 3% risk of failure)
Confirm with . or Enter, or press ? or * to list all spells.
You conjure some foxfire!
Malevolent energies surge around you.
The orc suddenly stops moving!
The foxfire hits the orc.
You kill the orc!
The orc priest invokes the aid of Beogh against you.
Beogh smites you!
* * * LOW HITPOINT WARNING * * *
Casting: Foxfire (safe; 3% risk of failure)
Confirm with . or Enter, or press ? or * to list all spells.
You conjure some foxfire!
Malevolent energies surge around you.
The foxfire hits the orc.
The orc is heavily wounded.
The foxfire hits the orc.
The orc is almost dead.
A ball python comes into view.
The foxfire hits the orc.
You kill the orc!
The foxfire hits the orc priest.
The orc priest is moderately wounded.
Casting: Foxfire (safe; 3% risk of failure)
Confirm with . or Enter, or press ? or * to list all spells.
You don't know that spell.
The orc priest mumbles some strange prayers to Beogh against you.
Beogh smites you!
You die...

##.........##.#..#####..######
.........†.##.#..# #..........
.............##.#....+.....#####
........(....##.#.####..o..#
................#.. +..)..#
#####.......##########..)#.#
#..................).#.#
##.###.#.###########.#.###. ..
#.#....@...oSo........# ##
###.#####################
#.......... #.#.####### #.#
#.#... #.# #.##### #.# #.#>.#
#.# #.#..# #.# #.#<.#


You could see an orc priest, an orc and a ball python.

Vanquished Creatures
  2 scorpions (D:4)
  Natasha (D:4)
  A hound skeleton (D:4)
  4 adders
  3 worms
  4 orcs (D:3)
  5 ball pythons
  4 endoplasms
  5 goblins
  6 hobgoblins
  5 bats
  3 frilled lizards
  7 kobolds
  4 rats
54 creatures vanquished.

Vanquished Creatures (others)
  234 foxfires
234 creatures vanquished.

Grand Total: 288 creatures vanquished

Notes
Turn   | Place    | Note
-------+----------+-------------------------------------------
     0 | D:1      | Essalna the Demonspawn Fire Elementalist began the quest
                  | for the Orb.
     0 | D:1      | Reached XP level 1. HP: 13/13 MP: 3/3
   403 | D:1      | Gained mutation: You are partially covered in molten
                  | scales. (AC +2) [demonic ancestry]
   403 | D:1      | Reached XP level 2. HP: 17/19 MP: 1/5
   863 | D:1      | Reached skill level 3 in Fire Magic
  1878 | D:2      | Reached XP level 3. HP: 24/24 MP: 3/6
  2639 | D:2      | Found a faded altar of an unknown god.
  2886 | D:3      | You fall into a shaft and drop 1 floor!
  3000 | D:4      | Noticed a scorpion
  3012 | D:4      | Killed a scorpion
  3013 | D:4      | Gained mutation: Spells you cast may paralyse adjacent
                  | enemies. [demonic ancestry]
  3013 | D:4      | Reached XP level 4. HP: 26/30 MP: 1/8
  3081 | D:4      | Noticed Natasha
  3084 | D:4      | Killed Natasha
  3085 | D:4      | Reached XP level 5. HP: 35/35 MP: 5/9
  3091 | D:4      | Reached skill level 4 in Fire Magic
  3867 | D:3      | Killed from afar by an orc priest

Illustrated notes

Levels and vault maps discovered:
D:1:      scummos_arrival_checkerplants, layout_basic, hangedman_decor_push,
          chequers_serial_rivers_large_a
D:2:      layout_loops_cross, ebering_ecumenical_altar_petrified
D:3:      layout_basic, gammafunk_temple_overflow_elements,
          minmay_misc_feat_four_crosses, nicolae_underground_beach
D:4:      layout_basic, fedhas_altar_1, lemuel_round_altar, serial_shops, shop,
          uniq_natasha

Skill      XL: |  1  2  3  4  5 |
---------------+----------------+-----
Fire Magic     | 3 4 |  4.1
Conjurations   | 2 3 |  3.3
Spellcasting   | 3 |  3.6
Dodging        | |  1.7
Stealth        | |  1.7

Action                   |  1- 3 |  4- 6 || total
-------------------------+-------+-------++-------
Melee: Dagger            |    17 |     7 ||    24
       Unarmed           |     3 |       ||     3
       Short sword       |       |     1 ||     1
 Cast: Foxfire           |   118 |    36 ||   154
 Stab: Paralysed         |       |     4 ||     4
Armor: Robe              |     5 |     7 ||    12
Dodge: Dodged            |    22 |     4 ||    26

Table legend: (Time is in decaauts)
 A = Elapsed time spent in this place.
 B = Non-inter-level travel time spent in this place.
 C = Inter-level travel time spent in this place.
 D = Time resting spent in this place.
 E = Time spent auto-exploring this place.
 F = Levels seen in this place.
 G = Mean time per level.
                   A        B        C        D        E       F      G
               +--------+--------+--------+--------+--------+-----+--------+
         Total |   3881 |   3797 |     84 |      0 |   3360 |   4 |  970.2 |
       Dungeon |   3881 |   3797 |     84 |      0 |   3360 |   4 |  970.2 |
               +--------+--------+--------+--------+--------+-----+--------+

Top non-repeatable levels by time:
     D:1: 1442 daAuts
     D:2: 1395 daAuts
     D:3: 557 daAuts
     D:4: 485 daAuts
